Map: Mothership LE

Players

xDarkKnightx

  • Race: Terran Terran
  • League: Master
  • Spawn Location: 6:00

stev - Winner!

  • Race: Protoss Protoss
  • Spawn Location: 1:00

VOD

Have the link to the VOD?

Description

Time

  • Played on: Dec. 11, 2025, 1:36 p.m.
  • Length: 14:49
Show
View Real Time Build Order
Export as new Build Order

xDarkKnightx Terran 

Build Orders:  

Get SALT Encoding   

  12  0:00  SCV  
  13  0:12  SCV  
  14  0:18  Supply Depot  
  14  0:24  SCV  
  15  0:40  SCV  
  15  0:42  Barracks  
  16  0:46  Refinery  
  16  0:52  SCV  
  18  1:04  SCV  
  18  1:21  SCV  
  19  1:29  Marine  
  20  1:36  Command Center  
  20  1:43  Orbital Command  
  20  2:07  Barracks Reactor  
  20  2:08  SCV  
  21  2:20  Factory  
  21  2:22  Refinery  
  21  2:24  Supply Depot  
  21  2:33  Supply Depot  
  21  2:43  Supply Depot  
  21  2:47  Marine x2  
  23  2:54  Orbital Command  
  23  3:07  Marine  
  23  3:08  Factory Tech Lab  
  24  3:14  Orbital Command  
  24  3:29  Marine  
  24  3:30  Marine  
  24  3:33  SCV  
  27  3:35  Siege Tank  
  30  3:45  Supply Depot  
  30  3:50  Marine  
  30  3:51  Starport  
  31  3:56  SCV x2  
  33  4:08  SCV  
  34  4:18  SCV  
  34  4:20  SCV  
  34  4:22  Marine x2  
  38  4:25  Siege Tank  
  38  4:30  SCV  
  42  4:37  Viking  
  44  4:42  SCV x2  
  46  4:48  Marine x2  
  48  4:54  SCV x2  
  48  4:57  Siege Tank  
  48  4:58  Engineering Bay  
  53  5:06  SCV x2  
  55  5:11  Starport Reactor  
  55  5:19  Barracks  
  55  5:21  Barracks  
  55  5:23  SCV x2  
  55  5:24  Command Center  
  55  5:26  Missile Turret  
  57  5:29  Missile Turret  
  58  5:35  SCV  
  58  5:38  Terran Infantry Weapons Level 1  
  58  5:45  SCV  
  58  5:46  Marine x2  
  58  5:47  SCV, Siege Tank  
  58  5:48  Medivac  
  67  5:57  SCV  
  67  5:58  Supply Depot  
  68  6:20  SCV x2  
  68  6:22  Barracks Tech Lab x2  
  70  6:32  SCV x2  
  72  6:34  Barracks  
  72  6:37  Supply Depot  
  72  6:39  Orbital Command  
  72  6:41  Combat Shield  
  72  6:42  Stimpack  
  72  6:45  Marine x4  
  76  6:58  Orbital Command  
  76  7:03  Marine  
  77  7:11  SCV x2  
  77  7:12  Marine x3  
  77  7:13  Siege Tank  
  77  7:14  Medivac x2  
  89  7:20  Marine  
  90  7:23  SCV  
  90  7:24  SCV  
  92  7:36  SCV  
  91  7:57  SCV x3  
  87  8:09  SCV  
  87  8:10  SCV x2  
  77  8:21  SCV  
  77  8:22  SCV  
  74  8:30  Hellion  
  74  8:31  Marine x5  
  74  8:32  Medivac x2  
  85  8:43  SCV x3  
  88  8:48  Marine  
  88  8:49  Marine  
  88  8:51  Siege Tank  
  88  8:55  SCV x3  
  96  9:04  Barracks Reactor  
  96  9:15  Barracks  
  96  9:18  Barracks  
  96  9:19  SCV, Supply Depot  
  96  9:20  SCV x2, Marine  
  96  9:21  Marine  
  96  9:22  Supply Depot  
  101  9:40  SCV x3, Siege Tank, Marine x4  
  101  9:43  Medivac x2, Marine x2  
  115  9:50  Supply Depot  
  115  9:51  Supply Depot  
  115  9:58  Marine x2  
  117  10:08  Supply Depot  
  117  10:11  Barracks Reactor  
  117  10:12  SCV x3, Barracks Reactor, Supply Depot  
  120  10:19  Marine x3  
  120  10:20  Marine x3  
  120  10:21  Medivac, Siege Tank  
  131  10:24  SCV x2  
  133  10:30  SCV  
  133  10:33  Refinery  
  133  10:34  Refinery  
  134  10:36  Refinery, SCV  
  134  10:37  Refinery, Marine x2  
  134  10:38  Supply Depot  
  134  10:39  Supply Depot  
  134  10:40  Supply Depot  
  134  10:41  Supply Depot  
  134  10:42  SCV  
  138  10:43  SCV, Marine  
  138  10:44  Marine x3  
  138  10:48  SCV  
  144  10:53  Siege Tank  
  144  10:54  SCV  
  144  10:55  SCV  
  149  11:00  SCV, Marine x5  
  155  11:04  Supply Depot  
  155  11:06  Supply Depot  
  155  11:07  SCV x2  
  157  11:12  SCV  
  158  11:26  Marine x3  
  158  11:27  Marine x7  
  158  11:30  Medivac x2, Siege Tank  
  175  11:35  Supply Depot  
  175  11:39  Supply Depot  
  175  11:44  Marine  
  175  11:46  Barracks  
  176  11:47  Barracks  
  176  11:49  Marine x2  
  176  11:50  Marine x7  
  185  12:00  Medivac x2  
  189  12:02  Siege Tank, Marine  
  189  12:07  Marine x2  
  196  12:08  SCV x3  
  196  12:11  Marine x2  
  200  12:32  Command Center  
  200  12:35  Command Center  
  164  12:51  Marine  
  164  12:52  Marine x9  
  164  12:53  Marine x2  
  144  13:03  Siege Tank  
  144  13:05  Viking x2  
  136  13:09  Marine x3  
  136  13:10  Marine x9  
  146  13:27  Marine x4  
  146  13:28  Marine x8  
  142  13:35  Viking x2, Siege Tank  
  139  13:45  Marine x6  
  139  13:46  Marine x6  
  125  14:03  Marine x8  
  125  14:04  Marine x4  
  125  14:05  Viking x2  
  125  14:07  Siege Tank  
  124  14:21  Marine x8  
  124  14:23  Marine  
Show
View Real Time Build Order
Export as new Build Order

stev Protoss - Winner!

Build Orders: Zealot Archon 

Get SALT Encoding   

  12  0:01  Probe  
  13  0:15  Probe  
  13  0:21  Pylon  
  14  0:27  Probe  
  15  0:41  Gateway, Probe  
  16  0:53  Probe  
  17  1:01  Probe  
  17  1:02  Assimilator  
  17  1:09  Probe  
  19  1:20  Probe  
  20  1:31  Cybernetics Core  
  20  1:32  Probe  
  21  1:42  Pylon  
  21  1:46  Assimilator  
  21  1:49  Probe  
  22  2:01  Probe  
  22  2:08  Nexus  
  23  2:13  Warp Gate  
  23  2:14  Probe  
  24  2:16  Adept  
  26  2:31  Gateway  
  26  2:46  Robotics Facility  
  26  2:48  Probe  
  26  2:50  Pylon  
  27  2:55  Stalker  
  29  3:00  Probe  
  30  3:11  Twilight Council  
  30  3:12  Probe  
  31  3:20  Probe  
  32  3:32  Probe  
  32  3:34  Observer  
  34  3:44  Probe  
  35  3:49  Probe  
  35  3:52  Immortal  
  35  3:53  Gateway  
  40  3:56  Probe, Charge  
  40  4:02  Probe  
  42  4:19  Robotics Bay  
  42  4:20  Probe  
  42  4:22  Probe  
  44  4:32  Probe  
  44  4:33  Forge  
  44  4:34  Probe  
  46  4:44  Probe  
  47  4:46  Pylon, Zealot, Probe  
  47  4:47  Zealot  
  47  4:49  Pylon  
  52  4:56  Probe  
  52  4:58  Probe  
  54  5:07  Pylon  
  54  5:08  Probe  
  54  5:09  Protoss Ground Weapons Level 1  
  54  5:10  Pylon, Probe  
  54  5:11  Extended Thermal Lance  
  56  5:17  Assimilator  
  56  5:18  Assimilator  
  56  5:34  Robotics Facility  
  56  5:45  Probe  
  56  5:49  Zealot x3  
  63  5:57  Probe  
  63  6:00  Colossus  
  70  6:09  Blink  
  70  6:10  Stalker x2  
  74  6:32  Nexus  
  74  6:34  Pylon  
  74  6:35  Pylon  
  74  6:38  Pylon, Templar Archives  
  74  6:40  Probe  
  74  6:45  Probe  
  76  6:52  Probe  
  77  6:57  Probe  
  78  7:04  Probe  
  79  7:09  Probe  
  79  7:11  Protoss Shields Level 1, Stargate  
  79  7:12  Stargate  
  79  7:15  Probe  
  80  7:21  Probe  
  82  7:23  Probe  
  83  7:30  Assimilator  
  83  7:31  Probe  
  83  7:33  Assimilator, Probe  
  85  7:43  Probe  
  86  7:45  Probe  
  86  7:48  High Templar x2  
  91  7:52  Archon  
  91  7:55  Probe  
  91  7:57  Probe  
  85  8:09  Probe  
  70  8:22  Zealot x3  
  76  8:32  Colossus  
  76  8:33  Colossus  
  88  8:39  Probe  
  89  8:51  Probe  
  89  8:53  Stalker  
  89  8:54  Stalker x2  
  96  9:04  Probe  
  97  9:16  Probe  
  98  9:24  Pylon  
  98  9:27  Immortal x2  
  98  9:28  Probe  
  98  9:29  Gateway  
  98  9:30  Gateway  
  107  9:40  Probe  
  108  9:47  Zealot  
  108  9:48  Zealot x2  
  108  9:51  Protoss Ground Weapons Level 2  
  108  9:52  Probe  
  115  10:04  Probe  
  115  10:06  Immortal  
  120  10:07  Pylon  
  120  10:16  Probe  
  120  10:18  Nexus  
  120  10:20  Pylon  
  120  10:21  Pylon  
  121  10:22  Pylon, Zealot x3  
  121  10:24  Pylon  
  127  10:51  High Templar  
  127  10:52  High Templar x2  
  127  10:53  High Templar  
  127  10:54  Gateway  
  127  10:55  Gateway  
  127  10:56  Archon  
  127  10:57  Gateway, Archon  
  135  10:59  Gateway  
  135  11:14  Zealot  
  137  11:31  Assimilator  
  137  11:34  Assimilator  
  137  11:52  Probe  
  138  11:56  Zealot x5  
  138  11:57  Zealot x4  
  156  12:10  Probe  
  157  12:16  Protoss Shields Level 2  
  157  12:22  Probe  
  158  12:34  Probe  
  158  12:35  High Templar  
  158  12:36  High Templar x3  
  167  12:37  High Templar x2  
  167  12:42  Archon x3  
  167  12:46  Probe  
  100  12:58  Probe  
  95  13:07  Zealot x3  
  95  13:08  Zealot  
  103  13:15  Zealot x2  
  103  13:16  Zealot x3  
  107  13:38  Zealot  
  107  13:39  Zealot x6  
  107  13:40  Zealot x2  
  117  14:16  High Templar x3  
  123  14:17  High Templar x3  
  123  14:21  Archon x2  
  123  14:22  Archon  
  129  14:25  Probe  
Tags
 
Composition
Zealot Archon
League
Master
Matchup
PvT
Spawn Locations
Cross Positions
Add a new tag
Caveats
  • Supply blocks, unpowered buildings, or Contaminate may cause inaccurate times.
  • Supply counts are checked every 10 seconds.